 Dungeon Crawl Stone Soup version 0.31-a0-844-gdc52ec4e09 (webtiles) character file.

Game seed: 1477620376608994121

91 LeprechaunX the Changeling (level 4, -1/29 HPs)
             Began as an Octopode Shapeshifter on Sept 29, 2023.
             Was an Initiate of Hepliaklqana.
             Slain by an orc wizard
             ... wielding a +1 dagger of pain
              (5 damage)
             ... on level 3 of the Dungeon.
             The game lasted 00:02:25 (2182 turns).

LeprechaunX the Changeling (Octopode Shapeshifter)  Turns: 2182, Time: 00:02:26

Health: -1/29      AC:  1    Str: 15    XL:     4   Next: 57%
Magic:  4/4        EV: 11    Int: 12    God:    Hepliaklqana [......]
Gold:   156        SH:  7    Dex: 11    Spells: 3/3 levels left

rFire   . .          .
                       - Unarmed
rCold   . . .        o - +0 kite shield
rNeg    . . .        (helmet currently unavailable)
rPois   .            (no amulet)
rElec   .            j - ring of willpower
rCorr   .            (no ring)
SInv    .            (no ring)
Will    +....        (no ring)
Stlth   ++           (no ring)
HPRegen 0.24/turn    (no ring)
MPRegen 0.09/turn    (no ring)
                     (no ring)

%: no passive effects
@: beast-form
A: beast (slay +2), almost no armour, amphibious, 8 rings, camouflage 1,
gelatinous body 1, (nimble swimmer 1), tentacles
a: Begin Untransformation, Renounce Religion


You were on level 3 of the Dungeon.
You worshipped Hepliaklqana.
Hepliaklqana was noncommittal.
You were a hulking beast.
You visited 1 branch of the dungeon, and saw 3 of its levels.

You collected 156 gold pieces.

Inventory:

Missiles
 p - 5 javelins
Armour
 m - an orb of mayhem
 o - a +0 kite shield (worn)
Jewellery
 j - a ring of willpower (left tentacle)
 q - a +4 ring of protection
Talismans
 b - a beast talisman (active)
 c - a flux talisman
Scrolls
 e - 2 scrolls of immolation {unknown}
 f - 2 scrolls of noise {unknown}
 h - 2 scrolls of identify {unknown}
 i - 3 scrolls of teleportation {unknown}
 k - a scroll of fog {unknown}
Potions
 a - 2 potions of lignification
 d - a potion of might {unknown}
 g - 2 potions of enlightenment {unknown}
 l - a potion of invisibility {unknown}
 n - a potion of attraction {unknown}


   Skills:
 + Level 2.0 Fighting
 + Level 2.6 Dodging
 + Level 0.1 Shields
 + Level 3.5 Unarmed Combat
 * Level 3.8 Shapeshifting


You had 3 spell levels left.
You didn't know any spells.
Your spell library contained the following spells:

 Spells                   Type           Power      Damage    Failure   Level
 Ensorcelled Hibernation  Hex/Ice        0%         N/A       87%         2
 Jinxbite                 Hex            0%         N/A       87%         2
 Anguish                  Hex/Necr       0%         N/A       100%        4


Dungeon Overview and Level Annotations

Branches:
Dungeon (3/15)

Altars:
Hepliaklqana
Sif Muna


Innate Abilities, Weirdness & Mutations

You are a hulking beast.
Your limbs bulge with bestial killing power. (Slay +2)
You cannot wear most types of armour.
You are amphibious.
You can wear up to eight rings at the same time.
Your skin changes colour to match your surroundings (Stealth+).
Your rubbery body absorbs attacks. (AC +1, EV +1)
((You are camouflaged when in or above water. (Stealth+)))
You have tentacles for arms and can constrict up to eight enemies at once.


Message History

a +0 hand axe of venom; a +0 leather armour You see here a staff of fire.
An orc and an orc wizard come into view.
The orc is wielding a +2 falchion of electrocution.
The orc wizard is wielding a +1 dagger of pain.
The orc wizard casts a spell.
The orc wizard flickers and vanishes!
Deactivating autopickup; reactivate with Ctrl-A.
You hear a shout!
An orc comes into view. It is wielding a +0 hand axe.
Something hits you.
You barely miss something. You bludgeon the orc!
You kill the orc!
You tentacle-slap something. Your squeeze misses something. Something hits you.
You miss something. You tentacle-slap something. Something hits you.
You writhe in agony.
You miss something. Your squeeze misses something. Something hits you. x2
You are too injured to fight recklessly!
You are too injured to fight recklessly!
You are too injured to fight recklessly!
You are too injured to fight recklessly!
You are too injured to fight recklessly!
You are too injured to fight recklessly!
You are too injured to fight recklessly!
You are too injured to fight recklessly!
You are too injured to fight recklessly!
You are too injured to fight recklessly!
You are too injured to fight recklessly!
You are too injured to fight recklessly!
You are too injured to fight recklessly!
You are too injured to fight recklessly!
You are too injured to fight recklessly!
Unknown command.
You tentacle-slap something. Your squeeze misses something.
You hear some strange, mumbled words.
A magic dart appears from out of thin air!
The magic dart hits you!
* * * LOW HITPOINT WARNING * * *
You closely miss something. Your squeeze misses something. Something hits you.
You die...

.#.#####..###..##
#.......##.# #.......#
#...#......##
#.......########...####...
#.................## ####
#.#####.......###########
# #.......#...#.# ##
#######.##.##.# ## #.
#.##.##.####...# #.
#.##.##..h{o...# #.
#.##.#######...# ## #.##.#
## #.##.# #.##.# #.##.#
#.##.# #.# ###.##.#### #.#
######.........## #.#


You could see an orc.

Vanquished Creatures
  Robin (D:2)
  2 dart slugs
  A worm (D:2)
  3 orcs (D:3)
  4 ball pythons
  8 endoplasms
  A giant cockroach (D:3)
  8 hobgoblins
  A jackal (D:3)
  2 quokkas
  5 bats
  7 frilled lizards
  10 goblins
  8 kobolds
  4 rats
65 creatures vanquished.

Notes
Turn   | Place    | Note
-------+----------+-------------------------------------------
     0 | D:1      | LeprechaunX the Octopode Shapeshifter began the quest for
                  | the Orb.
     0 | D:1      | Reached XP level 1. HP: 13/13 MP: 1/1
   241 | D:1      | Reached XP level 2. HP: 18/18 MP: 2/2
   456 | D:1      | Reached XP level 3. HP: 18/23 MP: 3/3
   706 | D:2      | Found a hazy altar of Hepliaklqana.
   730 | D:2      | Became a worshipper of Hepliaklqana the Forgotten
  1104 | D:2      | Noticed Robin
  1196 | D:2      | Killed Robin
  1197 | D:2      | Reached XP level 4. HP: 2/29 MP: 4/4
  1741 | D:3      | Found a shimmering blue altar of Sif Muna.
  2182 | D:3      | Slain by an orc wizard

Illustrated notes

Levels and vault maps discovered:
D:1:      beargit_arrival_greenhouse, layout_basic, solitary_fountain,
          chequers_serial_rivers_small_b
D:2:      layout_loops_ring, basic_altar, minmay_surrounded, uniq_robin
D:3:      layout_loops_ring, mainiacjoe_overflow_24_doors, minmay_box_of_dots

Skill      XL: |  1  2  3  4 |
---------------+-------------+-----
Fighting       | 2 |  2.0
Dodging        | |  2.6
Shields        | |  0.1
Unarmed Combat | |  3.5
Shapeshifting  | |  3.8

Action                     |  1- 3 |  4- 6 || total
---------------------------+-------+-------++-------
  Melee: Unarmed           |    85 |    40 ||   125
         Constrict         |    17 |     7 ||    24
         Tentacles         |    10 |     5 ||    15
         Punch             |     1 |     1 ||     2
   Stab: Sleeping          |    11 |     5 ||    16
 Armour: Skin              |    43 |    20 ||    63
  Dodge: Dodged            |    50 |    10 ||    60

Table legend: (Time is in decaauts)
 A = Elapsed time spent in this place.
 B = Non-inter-level travel time spent in this place.
 C = Inter-level travel time spent in this place.
 D = Time resting spent in this place.
 E = Time spent auto-exploring this place.
 F = Levels seen in this place.
 G = Mean time per level.
                   A        B        C        D        E       F      G
               +--------+--------+--------+--------+--------+-----+--------+
         Total |   2176 |   2116 |     60 |    219 |   1468 |   3 |  725.3 |
       Dungeon |   2176 |   2116 |     60 |    219 |   1468 |   3 |  725.3 |
               +--------+--------+--------+--------+--------+-----+--------+

Top non-repeatable levels by time:
     D:2: 793 daAuts
     D:3: 713 daAuts
     D:1: 670 daAuts
